 Dungeon Crawl Stone Soup version 0.18-a0-1308-g45b86c9 (webtiles) character file.

337 RedPan the Poker (level 6, 0/44 HPs)
             Began as a Merfolk Skald on Feb 13, 2016.
             Was a Believer of Makhleb.
             Slain by an orc
             ... wielding a +0 hand axe
              (5 damage)
             ... on level 3 of the Dungeon.
             The game lasted 00:08:05 (3323 turns).

RedPan the Poker (Merfolk Skald)                    Turns: 3323, Time: 00:08:05

Health: 0/44       AC:  4    Str: 14    XL:     6   Next: 54%
Magic:  5/9        EV: 11    Int: 12    God:    Makhleb [**....]
Gold:   185        SH:  0    Dex: 13    Spells: 2 memorised, 6 levels left

rFire  . . .     SeeInvis .     a - +0 spear
rCold  . . .     Gourm    .     b - +1 leather armour
rNeg   . . .     Faith    .     (no shield)
rPois  .         Spirit   .     (no helmet)
rElec  .         Dismiss  .     (no cloak)
rCorr  .         Reflect  .     (no gloves)
SustAt .         Harm     .     (no boots)
MR     .....                    (no amulet)
Stlth  +.........               (no ring)
                                (no ring)

@: lethally poisoned (0 -> -3), not resistant to hostile enchantments, very
unstealthy
A: change form in water, swift swim
a: Minor Destruction, Renounce Religion


You were on level 3 of the Dungeon.
You worshipped Makhleb.
Makhleb was pleased with you.
You were hungry.

You visited 1 branch of the dungeon, and saw 4 of its levels.

You collected 185 gold pieces.

Inventory:

Hand Weapons
 a - a +0 spear (weapon)
Armour
 b - a +1 leather armour (worn)
Wands
 g - a wand of random effects (8/48)
Scrolls
 e - a scroll of identify
 f - 3 scrolls of remove curse
Potions
 h - a potion of cure mutation
 j - 2 potions of curing
 l - a potion of mutation
 n - a potion of invisibility {unknown}
Books
 c - a book of Battle

   Spells                             Type                      Level
   a - Infusion                       Charms                       1
   b - Shroud of Golubria             Charms/Translocation         2
   c - Song of Slaying                Charms                       2
   d - Spectral Weapon                Hexes/Charms                 3
   e - Regeneration                   Charms/Necromancy            3
Comestibles
 d - 4 bread rations
 i - a meat ration
 k - 8 chunks of flesh
 m - 4 fruits


   Skills:
 - Level 2.1 Fighting
 + Level 7.2 Polearms
 - Level 0.6 Armour
 - Level 1.3 Dodging
 - Level 2.0 Spellcasting
 + Level 5.9 Charms


You had 6 spell levels left.
You knew the following spells:

 Your Spells              Type           Power        Failure   Level  Hunger
a - Infusion              Chrm           ###.         3%          1    ##.....
b - Shroud of Golubria    Chrm/Tloc      #.........   21%         2    ###....


Dungeon Overview and Level Annotations

Branches:
Dungeon (4/15)
 Temple: D:4-7

Altars:
Fedhas
Kikubaaqudgha
Makhleb
Nemelex Xobeh
Zin

Annotations:
D:4 Reinor's ghost, amateur SpAK


Message History

Reinor's ghost closely misses you.
There is a stone staircase leading up here.
Reinor's ghost hits you.
* * * LOW HITPOINT WARNING * * *
You are poisoned.
You climb upwards.
You feel sick.
There is a stone staircase leading down here.
You are too injured to fight recklessly!
You are too injured to fight recklessly!
You barely miss the orc.
The orc is lightly wounded.
An adder comes into view.
You hit the orc but do no damage.
The orc is lightly wounded.
You feel sick. The orc hits you with a hand axe.
* * * LOW HITPOINT WARNING * * *
You closely miss the orc.
The orc is lightly wounded.
The orc hits you with a hand axe.
You die...

#.# #...# #..........#....##.....
#.###...###..........#.##...PP♣.P
#......).............#.###.PP♣♣♣♣
###.##.#).#.............#P.♣♣P.P.
#....(.................P.♣PPPP#
##########..............♣♣♣....
##...............♣.....
#.....o.......#.PP.....
#.....@..........P.....
#..........##.#........
#..........##.##.......
#...)......##.##....... ####
##..........#.......... ...#####
##........S...#....<.) #......###
#######..#..##.......
###..#...♣♣♣♣#####)..#...#.#.....
##.###♣♣..♣♣..#..#.##....#.#...


You could see an adder and an orc.

Vanquished Creatures
  Sigmund (D:4)
  An orc priest (D:3)
  An orc wizard (D:3)
  An iguana (D:4)
  An ooze (D:1)
  2 adder skeletons
  3 worms
  4 giant geckos
  5 orcs
  3 ball pythons
  A bat skeleton (D:2)
  2 giant cockroaches
  6 goblins
  10 hobgoblins
  5 jackals
  4 kobolds
  6 bats
  A giant cockroach zombie (D:2)
  6 giant newts
  A jackal skeleton (D:2)
  3 quokka skeletons (D:2)
  6 rats
73 creatures vanquished.

Notes
Turn   | Place    | Note
--------------------------------------------------------------
     0 | D:1      | RedPan the Merfolk Skald began the quest for the Orb.
     0 | D:1      | Reached XP level 1. HP: 16/16 MP: 3/3
   125 | D:1      | Reached XP level 2. HP: 16/22 MP: 5/5
   186 | D:1      | Learned a level 2 spell: Shroud of Golubria
   348 | D:1      | Reached skill level 4 in Polearms
   780 | D:1      | Reached XP level 3. HP: 27/27 MP: 6/6
  1029 | D:2      | Found a sparkling altar of Nemelex Xobeh.
  1029 | D:2      | Found a glowing silver altar of Zin.
  1039 | D:2      | Found a burning altar of Makhleb.
  1040 | D:2      | Noticed a blizzard demon
  1057 | D:2      | Noticed a ynoxinul
  1057 | D:2      | Noticed a smoke demon
  1059 | D:2      | Became a worshipper of Makhleb the Destroyer
  1781 | D:3      | Reached * piety under Makhleb
  1783 | D:3      | Reached XP level 4. HP: 24/33 MP: 7/7
  2129 | D:3      | Found a blossoming altar of Fedhas.
  2159 | D:3      | Reached skill level 5 in Polearms
  2524 | D:3      | Found a faded altar to an unknown god.
  2597 | D:3      | Reached skill level 5 in Charms
  2597 | D:3      | Reached XP level 5. HP: 38/38 MP: 1/8
  2842 | D:4      | Noticed Sigmund
  2863 | D:4      | Killed Sigmund
  2863 | D:4      | Reached skill level 7 in Polearms
  2863 | D:4      | Reached XP level 6. HP: 9/44 MP: 0/9
  3133 | D:4      | Found an ancient bone altar of Kikubaaqudgha.
  3189 | D:4      | Reached ** piety under Makhleb
  3288 | D:4      | Noticed Reinor's ghost (amateur SpAK)
  3323 | D:3      | Slain by an orc

Vault maps used:
D:1:      saegor_arrival_simple_d, minmay_shallow_snake_nest
D:2:      gammafunk_temple_overflow_elements, makhleb_altar_promises_db,
          serial_undead, serial_undead_a, serial_undead_b, serial_undead_b,
          serial_undead_c, serial_undead_c, serial_undead_f, serial_undead_d,
          serial_undead_c, serial_undead_e, serial_undead_a
D:3:      serial_forest, infiniplex_forest_straight_1,
          infiniplex_forest_clump_curved, infiniplex_forest_corner_1,
          infiniplex_forest_end_3, infiniplex_forest_straight_3,
          infiniplex_forest_straight_3, infiniplex_forest_clump_curved,
          infiniplex_forest_split, infiniplex_forest_end_2, ecumenical_altar_1,
          minmay_misc_feat_cross, fedhas_altar_1
D:4:      first_bread, nicolae_ossuary_entry_catacombs, lemuel_statue_altar,
          uniq_sigmund, uniq_duvessa

Action                   |  1- 3 |  4- 6 || total
-------------------------+-------+-------++-------
Melee: Spear             |   157 |   152 ||   309
 Cast: Infusion          |     1 |     5 ||     6
       Shroud of Golubri |     1 |     5 ||     6
  Use: Scroll            |     3 |     4 ||     7
       Potion            |       |     1 ||     1
 Stab: Sleeping          |       |     1 ||     1
  Eat: Chunk             |     1 |     2 ||     3
       Meat ration       |     1 |       ||     1
